 Dungeon Crawl Stone Soup version 0.26-a0-466-g989023bd0d (webtiles) character file.

Game seed: 15970790637349853158

59 pk666 the Magician (level 3, -1/19 HPs)
             Began as a Deep Elf Hedge Wizard on Aug 11, 2020.
             Slain by an orc wizard
             ... wielding a +0 dagger
              (3 damage)
             ... on level 2 of the Dungeon.
             The game lasted 00:02:48 (1807 turns).

pk666 the Magician (Deep Elf Hedge Wizard)          Turns: 1807, Time: 00:02:49

Health: -1/19      AC:  2    Str:  7    XL:     3   Next: 78%
Magic:  3/11       EV: 13    Int: 19    God:
Gold:   67         SH:  0    Dex: 14    Spells: 1/12 levels left

rFire    + . .     SeeInvis .   a - +0 dagger
rCold    . . .     Faith    .   (no shield)
rNeg     . . .     Spirit   .   b - +0 robe
rPois    .         Reflect  .   c - +0 hat
rElec    .         Harm     .   (no cloak)
rCorr    .                      (no gloves)
MR       .....                  (no boots)
Stlth    ++........             (no amulet)
HPRegen  0.06/turn              o - ring of protection from fire
MPRegen  0.12/turn              (no ring)

@: very slightly contaminated
A: no striking features
a: no special abilities


You were on level 2 of the Dungeon.
You visited 1 branch of the dungeon, and saw 2 of its levels.

You collected 67 gold pieces.

Inventory:

Hand Weapons
 a - a +0 dagger (weapon)
Missiles
 e - 6 poisoned darts (quivered)
Armour
 b - a +0 robe (worn)
 c - a +0 hat (worn)
Jewellery
 o - a ring of protection from fire (left hand)
Scrolls
 f - 4 scrolls of remove curse {unknown}
 g - a scroll of identify {unknown}
 h - a scroll of immolation {unknown}
 i - a scroll of blinking {unknown}
 k - 2 scrolls of noise {unknown}
 l - a scroll of random uselessness {unknown}
 n - a scroll of teleportation {unknown}
Potions
 d - a potion of flight {unknown}
 j - a potion of degeneration {unknown}
 m - a potion of ambrosia {unknown}


   Skills:
 - Level 2.4 Dodging
 - Level 2.4 Stealth
 + Level 5.3 Spellcasting
 + Level 2.4 Conjurations
 + Level 1.2 Summonings
 + Level 1.8 Translocations
 + Level 0.7 Fire Magic
 + Level 0.2 Air Magic
 + Level 0.1 Poison Magic


You had one spell level left.
You knew the following spells:

 Your Spells              Type           Power        Failure   Level
a - Magic Dart            Conj           ##..         4%          1
b - Blink                 Tloc           N/A          9%          2
c - Conjure Flame         Conj/Fire      ##......     19%         3
d - Mephitic Cloud        Conj/Pois/Air  #.......     24%         3
e - Call Imp              Summ           #.......     11%         2

Your spell library contained the following spells:

 Spells                   Type           Power        Failure   Level
 Slow                     Hex            #.......     19%         2


Dungeon Overview and Level Annotations

Branches:
Dungeon (2/15)

Altars:
Ru
The Shining One


Message History

The orc wizard hits you with a +0 dagger.
* * * LOW HITPOINT WARNING * * *
Casting: Magic Dart (safe; 4% risk of failure)
Confirm with . or Enter, or press ? or * to list all spells.
Aiming: Magic Dart (safe; 4% risk of failure)
Press: ? - help, Shift-Dir - straight line, f/p - orc wizard
Aim: an orc wizard, wielding a +0 dagger and wearing a +0 robe (severely wounded, mute)
The magic dart hits the orc wizard.
The orc wizard is almost dead.
The orc wizard hits you with a +0 dagger.
* * * LOW HITPOINT WARNING * * *
Casting: Magic Dart (safe; 4% risk of failure)
Confirm with . or Enter, or press ? or * to list all spells.
Aiming: Magic Dart (safe; 4% risk of failure)
Press: ? - help, Shift-Dir - straight line, f/p - orc wizard
Aim: an orc wizard, wielding a +0 dagger and wearing a +0 robe (almost dead, mute)
The magic dart hits the orc wizard but does no damage.
The orc wizard is almost dead.
The orc wizard hits you with a +0 dagger.
You die...

.......)..'### #
####..
..........#...#...
#..
..........#...#...
#..
..#######.#.......
#..
#########.###._.#
#..
.........#......
###..
########.#g..#.†
..... #.#o..# ####
#######.@###
#...............
#............###
#............# ###
#............#
....
#.........####
.... ###
##.#.......# ....
..# ##..#.......#
### ####...
#.###..###..#####
#.. .......


You could see an orc wizard (mute) and a goblin (corona).

Vanquished Creatures
  A gnoll (D:1)
  A worm (D:2)
  A dart slug (D:2)
  2 leopard geckos
  2 ball pythons
  5 bats
  4 giant cockroaches
  6 goblins
  5 hobgoblins
  4 jackals (D:1)
  A kobold (D:2)
  3 frilled lizards
  3 rats (D:1)
38 creatures vanquished.

Notes
Turn   | Place    | Note
-------+----------+-------------------------------------------
     0 | D:1      | pk666 the Deep Elf Hedge Wizard began the quest for the
                  | Orb.
     0 | D:1      | Reached XP level 1. HP: 10/10 MP: 7/7
   219 | D:1      | Reached XP level 2. HP: 15/15 MP: 5/9
   223 | D:1      | Learned a level 2 spell: Blink
   534 | D:1      | Reached skill level 5 in Spellcasting
   709 | D:1      | Reached XP level 3. HP: 19/19 MP: 4/11
   718 | D:1      | Learned a level 3 spell: Conjure Flame
   722 | D:1      | Learned a level 3 spell: Mephitic Cloud
   725 | D:1      | Learned a level 2 spell: Call Imp
  1263 | D:2      | Found a glowing golden altar of the Shining One.
  1727 | D:2      | Found a sacrificial altar of Ru.
  1807 | D:2      | Slain by an orc wizard

Illustrated notes

Levels and vault maps discovered:
D:1:      co_arrival_hexagon_in_a_hexagon, layout_loops_cross,
          hangedman_decor_riveting, hex_medium, minmay_misc_feat_alley
D:2:      layout_basic, nicolae_ru_great_annihilating_truth, tso_metal_star,
          uniq_natasha, uniq_robin

Skill      XL: |  1  2 |
---------------+-------+-----
Conjurations   | 2 |  2.4
Spellcasting   | 5 |  5.3
Dodging        | |  2.4
Stealth        | |  2.4
Summonings     | |  1.2
Translocations | |  1.8
Fire Magic     | |  0.7
Air Magic      | |  0.2
Poison Magic   | |  0.1

Action                   || total
-------------------------++-------
Melee: Dagger            ||    15
 Cast: Magic Dart        ||   104
Armor: Robe              ||     3
Dodge: Dodged            ||    26

Table legend: (Time is in decaauts)
 A = Elapsed time spent in this place.
 B = Non-inter-level travel time spent in this place.
 C = Inter-level travel time spent in this place.
 D = Time resting spent in this place.
 E = Time spent auto-exploring this place.
 F = Levels seen in this place.
 G = Mean time per level.
                   A        B        C        D        E       F      G
               +--------+--------+--------+--------+--------+-----+--------+
         Total |   1806 |   1781 |     25 |    110 |   1462 |   2 |  903.0 |
       Dungeon |   1806 |   1781 |     25 |    110 |   1462 |   2 |  903.0 |
               +--------+--------+--------+--------+--------+-----+--------+

Top non-repeatable levels by time:
     D:1: 1210 daAuts
     D:2: 596 daAuts
